 Dungeon Crawl Stone Soup version 0.31.0-11-ge490571c62 (webtiles) character file.

Game seed: 18130843316371774104

208 iamserjio the Chopper (level 5, 0/47 HPs)
             Began as a Minotaur Monk on Jan 29, 2024.
             Slain by a kobold brigand
             ... wielding a +2 dagger of speed
              (4 damage)
             ... on level 4 of the Dungeon.
             The game lasted 00:01:23 (1225 turns).

iamserjio the Chopper (Minotaur Monk)               Turns: 1225, Time: 00:01:23

Health: 0/47       AC:  6    Str: 18    XL:     5   Next: 55%
Magic:  4/4        EV: 11    Int:  7    God:
Gold:   89         SH:  0    Dex: 12    Spells: 4/4 levels left

rFire   . . .        a - +0 hand axe
rCold   . . .        d - orb {light}
rNeg    . . .        e - +0 scale mail
rPois   .            (helmet restricted)
rElec   .            (no cloak)
rCorr   .            (no gloves)
SInv    .            (no boots)
Will    .....        (no amulet) Stlth
                     (no ring)
HPRegen 0.27/turn    (no ring)
MPRegen 0.09/turn

%: no passive effects
@: glowing
A: horns 2, retaliatory headbutt
a: no special abilities


You were on level 4 of the Dungeon.
You visited 1 branch of the dungeon, and saw 4 of its levels.

You collected 89 gold pieces.

Inventory:

Hand Weapons
 a - a +0 hand axe (weapon)
Armour
 b - a +0 robe
 d - an orb of light (worn)
 e - a +0 scale mail (worn)
Wands
 m - a wand of flame (18)
Scrolls
 f - a scroll of revelation {unknown}
 g - a scroll of poison {unknown}
 h - a scroll of enchant armour {unknown}
 i - a scroll of immolation {unknown}
 j - a scroll of enchant weapon {unknown}
 l - 3 scrolls of identify {unknown}
Potions
 c - a potion of ambrosia
 k - a potion of attraction {unknown}
 n - a potion of haste {unknown}
 o - 2 potions of resistance {unknown}


   Skills:
 + Level 4.9 Fighting
 * Level 5.9 Axes
 + Level 4.5 Dodging


You had 4 spell levels left.
You didn't know any spells.
Your spell library contained the following spells:

 Spells                   Type           Power      Damage    Failure   Level
 Magic Dart               Conj           0%         1d3       85%         1
 Slow                     Hex            0%         N/A       85%         1
 Blink                    Tloc           0%         N/A       94%         2
 Call Imp                 Summ           0%         N/A       94%         2
 Ensorcelled Hibernation  Hex/Ice        0%         N/A       94%         2
 Passwall                 Erth           0%         N/A       99%         3
 Swiftness                Air            0%         N/A       99%         3
 Tukima's Dance           Hex            0%         N/A       99%         3
 Flame Wave               Conj/Fire      0%         2d4       100%        4
 Ignition                 Fire           0%         3d3       100%        8


Dungeon Overview and Level Annotations

Branches:
Dungeon (4/15) Zot: 22765
 Temple: D:4-7

Altars:
Makhleb

Annotations:
D:3 2 transporters


Innate Abilities, Weirdness & Mutations

You have a pair of horns on your head.
You reflexively headbutt those who attack you in melee.


Message History

The kobold brigand hits you with a +0 club.
You hit the kobold brigand but do no damage. x2
The kobold brigand barely misses you.
The kobold brigand hits you with a +0 club.
The kobold brigand hits you with a +2 dagger of speed!
* * * LOW HITPOINT WARNING * * *
You are too injured to fight recklessly!
You are too injured to fight recklessly!
You are too injured to fight recklessly!
You are too injured to fight recklessly!
You are too injured to fight recklessly!
You are too injured to fight recklessly!
You are too injured to fight recklessly!
You are too injured to fight recklessly!
You are too injured to fight recklessly!
You are too injured to fight recklessly!
You are too injured to fight recklessly!
You are too injured to fight recklessly!
You are too injured to fight recklessly!
You are too injured to fight recklessly!
You are too injured to fight recklessly!
You barely miss the kobold brigand.
Your headbutt misses the kobold brigand.
You hit the kobold brigand. You hit the kobold.
You kill the kobold!
The kobold brigand hits you with a +2 dagger of speed.
* * * LOW HITPOINT WARNING * * *
The kobold brigand hits you with a +0 club.
* * * LOW HITPOINT WARNING * * *
You hit the kobold brigand but do no damage. x2
The kobold brigand hits you with a +2 dagger of speed.
* * * LOW HITPOINT WARNING * * *
The kobold brigand hits you with a +0 club.
* * * LOW HITPOINT WARNING * * *
The kobold brigand hits you with a +2 dagger of speed!
* * * LOW HITPOINT WARNING * * *
You hit the kobold brigand.
You hit the kobold brigand but do no damage.
The kobold brigand hits you with a +2 dagger of speed.
You die...

#..# ..## .. .. .## .##.
.# ~~~# .# ####### ~~~
.###.....### ≈≈ #
..).)....).######≈# ...
.)).#####.......###.....
.####≈~~###.....@K...#
.# ~~~≈~≈~######K$.###
...~~~~~~~~ #####
#####~~~###?# #.### # #.


You could see 2 kobold brigands.

Vanquished Creatures
  A black bear (D:3)
  4 gnolls (D:4)
  A dart slug (D:1)
  2 orcs (D:3)
  An endoplasm (D:1)
  4 giant cockroaches (D:1)
  5 goblins
  7 hobgoblins
  7 jackals
  3 quokkas (D:1)
  9 ball pythons
  3 bats
  6 frilled lizards
  13 kobolds
  4 rats
70 creatures vanquished.

Notes
Turn   | Place    | Note
-------+----------+-------------------------------------------
     0 | D:1      | iamserjio the Minotaur Monk began the quest for the Orb.
     0 | D:1      | Reached XP level 1. HP: 19/19 MP: 0/0
   103 | D:1      | Found a faded altar of an unknown god.
   113 | D:1      | Reached skill level 4 in Axes
   141 | D:1      | Reached XP level 2. HP: 27/27 MP: 1/1
   437 | D:1      | Reached XP level 3. HP: 33/33 MP: 2/2
   588 | D:1      | Got Dahelan's Vellum of Hexes and the Dragon
   810 | D:3      | Noticed a black bear
   819 | D:3      | Killed a black bear
   820 | D:3      | Reached skill level 5 in Axes
   820 | D:3      | Reached XP level 4. HP: 31/41 MP: 3/3
   820 | D:3      | Reached XP level 5. HP: 36/47 MP: 4/4
   885 | D:3      | Found a transporter.
   892 | D:3      | Found a transporter.
   895 | D:3      | Noticed a water moccasin
   906 | D:3      | Found a burning altar of Makhleb.
  1225 | D:4      | Slain by a kobold brigand

Illustrated notes

Levels and vault maps discovered:
D:1:      denvon_arrival_waterhouse, layout_loops_cross,
          hellmonk_ecumenical_altar_pennies_from_heaven,
          chequers_serial_rivers_marsh
D:2:      layout_loops_corners
D:3:      layout_rooms, gammafunk_temple_overflow_arena, serial_aquarium,
          aquarium_bridge_island_small [aquarium_subvault_small_water,
          aquarium_subvault_window, aquarium_subvault_bridge,
          aquarium_subvault_wall, aquarium_subvault_wall],
          aquarium_bridge_long_joined [aquarium_subvault_wall,
          aquarium_subvault_wall, aquarium_subvault_balcony,
          aquarium_subvault_bridge, aquarium_subvault_bridge,
          aquarium_subvault_bridge], aquarium_window_corner,
          aquarium_window_corner, aquarium_window_corner, aquarium_view_2c,
          aquarium_view_2d, aquarium_pool_2, kennysheep_generic_room_6
D:4:      cheibrodos_thug_alley, layout_loops_ring, kennysheep_mini,
          minmay_lizard_king

Skill      XL: |  1  2  3 |
---------------+----------+-----
Axes           | 4 5 |  5.9
Fighting       | 4 |  4.9
Dodging        | 4 |  4.5

Action                     |  1- 3 |  4- 6 || total
---------------------------+-------+-------++-------
  Melee: Hand axe          |    57 |    47 ||   104
         Headbutt          |    10 |    12 ||    22
 Armour: Scale mail        |    39 |    43 ||    82
  Dodge: Dodged            |    36 |    30 ||    66
